 Dungeon Crawl Stone Soup version 0.22-a0-441-gcf5b0c6 (webtiles) character file.

273 jerryfan the Vexing (level 6, -1/47 HPs)
             Began as a Gnoll Arcane Marksman on May 30, 2018.
             Slain by Grinder (3 damage)
             ... while paralysed by Grinder
             ... on level 3 of the Dungeon.
             The game lasted 00:10:42 (2277 turns).

jerryfan the Vexing (Gnoll Arcane Marksman)         Turns: 2277, Time: 00:10:43

Health: -1/47      AC:  4    Str: 12 (13) XL:     6   Next: 23%
Magic:  7/11       EV:  2    Int: 16      God:
Gold:   127        SH:  0    Dex: 16      Spells: 5/11 levels left

rFire    . . .     SeeInvis .   o - +2 short sword (drain)
rCold    . . .     Gourm    .   (no shield)
rNeg     . . .     Faith    .   e - +1 robe
rPois    .         Spirit   .   (no helmet)
rElec    .         Reflect  .   (no cloak)
rCorr    .         Harm     .   m - +0 pair of gloves
MR       .....                  (no boots)
Stlth    ++........             (no amulet)
HPRegen  0.15/turn              (no ring)
MPRegen  0.12/turn              (no ring)

@: paralysed, berserk cooldown, hasted and slowed
A: distributed training, fangs 1, strong nose
a: no special abilities


You were on level 3 of the Dungeon.
You were not hungry.

You visited 1 branch of the dungeon, and saw 3 of its levels.

You collected 127 gold pieces.

Inventory:

Hand Weapons
 a - a +0 shortbow
 k - a +0 hunting sling
 o - a +2 short sword of draining (weapon)
Missiles
 c - 104 stones (quivered)
 d - 11 arrows
 j - a throwing net
 p - 28 sling bullets
Armour
 e - a +1 robe (worn)
 m - a +0 pair of gloves (worn)
Wands
 t - a wand of disintegration (10)
Scrolls
 g - 2 scrolls of enchant armour
 n - 2 scrolls of remove curse
 s - a scroll of identify {unknown}
Potions
 r - a potion of might {unknown}
Comestibles
 f - 7 rations
 q - 2 chunks of flesh


   Skills:
 + Level 3.1 Fighting
 + Level 1.8 Short Blades
 + Level 1.8 Long Blades
 + Level 1.8 Axes
 + Level 1.8 Maces & Flails
 + Level 1.8 Polearms
 + Level 1.8 Staves
 + Level 1.8 Slings
 + Level 4.9 Bows
 + Level 1.8 Crossbows
 + Level 1.8 Throwing
 + Level 1.8 Armour
 + Level 4.9 Dodging
 + Level 1.8 Stealth
 + Level 1.8 Shields
 + Level 1.8 Unarmed Combat
 + Level 3.3 Spellcasting
 + Level 1.4 Conjurations
 + Level 5.6 Hexes
 + Level 1.4 Charms
 + Level 1.4 Summonings
 + Level 1.4 Necromancy
 + Level 1.4 Translocations
 + Level 1.4 Transmutations
 + Level 1.4 Fire Magic
 + Level 1.4 Ice Magic
 + Level 1.4 Air Magic
 + Level 1.4 Earth Magic
 + Level 1.4 Poison Magic
 + Level 2.0 Invocations
 + Level 1.8 Evocations


You had 5 spell levels left.
You knew the following spells:

 Your Spells              Type           Power        Failure   Level  Hunger
a - Corona                Hex            ###....      1%          1    None
b - Inner Flame           Hex/Fire       ##......     13%         3    ###....
c - Slow                  Hex            ###.....     2%          2    ##.....

Your spell library contained the following spells:

 Spells                   Type           Power        Failure   Level  Hunger
 Cause Fear               Hex            ###.......   19%         4    ####...
 Portal Projectile        Hex/Tloc       ##....       13%         3    ###....
 Leda's Liquefaction      Hex/Erth       ##........   38%         4    ####...


Dungeon Overview and Level Annotations

Branches:
Dungeon (3/15)

Altars:

Annotations:
D:3 Grinder


Innate Abilities, Weirdness & Mutations

Your experience applies equally to all skills.
You have very sharp teeth.
Your uncanny sense of smell can sniff out nearby items.


Message History

You closely miss Grinder. Grinder hits you but does no damage.
An orc comes into view. It is wielding a club.
You hit Grinder.
Grinder is lightly wounded.
Grinder gestures at you.
You suddenly lose the ability to move!
Grinder hits you but does no damage.
Grinder says, "Just stop there for a second..."
Grinder hits you.
You feel less wooden.
Your +0 pair of gloves unmelds from your body.
Your +1 robe unmelds from your body.
Grinder hits you!
* * * LOW HITPOINT WARNING * * *
Grinder hits you!
* * * LOW HITPOINT WARNING * * *
You writhe in agony.
* * * LOW HITPOINT WARNING * * *
Grinder hits you but does no damage. Grinder hits you.
You die...

...?................###
...<....5........#.##
...................#
..(........5.....#.#
(.........##....##.#####
(.....oo.o{.....#......#
)......go.....###.<....#
#......######.###......#
....#..# #oo5@......#
#....... #####......#
...#..### .....%#
#.#..## ......# ....#
......# ... ∆ ....###
....# ....#


You could see Grinder and 2 orcs.

Vanquished Creatures
  The ghost of Zorot the Ruffian, an amateur VSGl (D:3)
  An orc priest (D:3)
  2 orc wizards (D:3)
  3 adders (D:2)
  An ooze (D:1)
  A dart slug (D:2)
  A leopard gecko (D:1)
  2 orcs (D:3)
  A ball python (D:1)
  4 giant cockroaches
  8 goblins
  4 hobgoblins
  4 jackals (D:1)
  A quokka (D:2)
  5 bats
  5 frilled lizards
  5 kobolds
  8 rats
57 creatures vanquished.

Notes
Turn   | Place    | Note
-------+----------+-------------------------------------------
     0 | D:1      | jerryfan the Gnoll Arcane Marksman began the quest for the Orb.
     0 | D:1      | Reached XP level 1. HP: 17/17 MP: 4/4
   368 | D:1      | Reached XP level 2. HP: 23/23 MP: 3/5
   864 | D:1      | Reached XP level 3. HP: 23/28 MP: 7/7
   992 | D:1      | Learned a level 3 spell: Inner Flame
   995 | D:1      | Learned a level 2 spell: Slow
  1520 | D:2      | Found a faded altar of an unknown god.
  1547 | D:2      | Reached skill level 1 in Invocations
  1681 | D:2      | Reached skill level 1 in Short Blades
  1681 | D:2      | Reached skill level 1 in Long Blades
  1681 | D:2      | Reached skill level 1 in Axes
  1681 | D:2      | Reached skill level 1 in Maces & Flails
  1681 | D:2      | Reached skill level 1 in Polearms
  1681 | D:2      | Reached skill level 1 in Staves
  1681 | D:2      | Reached skill level 1 in Slings
  1681 | D:2      | Reached skill level 1 in Crossbows
  1681 | D:2      | Reached skill level 1 in Throwing
  1681 | D:2      | Reached skill level 1 in Armour
  1681 | D:2      | Reached skill level 1 in Stealth
  1681 | D:2      | Reached skill level 1 in Shields
  1681 | D:2      | Reached skill level 1 in Unarmed Combat
  1681 | D:2      | Reached skill level 1 in Evocations
  1681 | D:2      | Reached XP level 4. HP: 33/34 MP: 5/8
  2222 | D:3      | Reached skill level 1 in Conjurations
  2222 | D:3      | Reached skill level 1 in Charms
  2222 | D:3      | Reached skill level 1 in Summonings
  2222 | D:3      | Reached skill level 1 in Necromancy
  2222 | D:3      | Reached skill level 1 in Translocations
  2222 | D:3      | Reached skill level 1 in Transmutations
  2222 | D:3      | Reached skill level 1 in Fire Magic
  2222 | D:3      | Reached skill level 1 in Ice Magic
  2222 | D:3      | Reached skill level 1 in Air Magic
  2222 | D:3      | Reached skill level 1 in Earth Magic
  2222 | D:3      | Reached skill level 1 in Poison Magic
  2226 | D:3      | Noticed Zorot's ghost (amateur VSGl)
  2229 | D:3      | Noticed Grinder
  2252 | D:3      | Reached XP level 5. HP: 34/40 MP: 6/9
  2260 | D:3      | Killed Zorot's ghost
  2260 | D:3      | Reached XP level 6. HP: 36/47 MP: 6/10
  2271 | D:3      | Paralysed by Grinder for 7 turns
  2275 | D:3      | HP: 2/47 [Grinder (7)]
  2277 | D:3      | Slain by Grinder

Vault maps used:
D:1:      tarquinn_simple_flora_water_f
D:2:      chequers_ecumenical_altar_simple, minmay_cupped
D:3:      first_ration, uniq_grinder

Skill      XL: |  1  2  3  4  5 |
---------------+----------------+-----
Invocations    | 1 2 |  2.0
Short Blades   | 1 |  1.8
Long Blades    | 1 |  1.8
Axes           | 1 |  1.8
Maces & Flails | 1 |  1.8
Polearms       | 1 |  1.8
Staves         | 1 |  1.8
Slings         | 1 |  1.8
Crossbows      | 1 |  1.8
Throwing       | 1 |  1.8
Armour         | 1 |  1.8
Stealth        | 1 |  1.8
Shields        | 1 |  1.8
Unarmed Combat | 1 |  1.8
Evocations     | 1 |  1.8
Spellcasting   | 3 |  3.3
Conjurations   | 1 |  1.4
Charms         | 1 |  1.4
Summonings     | 1 |  1.4
Necromancy     | 1 |  1.4
Translocations | 1 |  1.4
Transmutations | 1 |  1.4
Fire Magic     | 1 |  1.4
Ice Magic      | 1 |  1.4
Air Magic      | 1 |  1.4
Earth Magic    | 1 |  1.4
Poison Magic   | 1 |  1.4
Fighting       | 3 |  3.1
Bows           | |  4.9
Dodging        | |  4.9
Hexes          | |  5.6

Action                   |  1- 3 |  4- 6 || total
-------------------------+-------+-------++-------
Melee: Short sword       |    76 |    25 ||   101
       Bite              |     6 |     2 ||     8
 Fire: Shortbow          |    67 |    21 ||    88
Throw: Stone             |     1 |       ||     1
 Cast: Corona            |     7 |     5 ||    12
       Slow              |     4 |     1 ||     5
       Inner Flame       |     1 |     1 ||     2
  Use: Potion            |     1 |     4 ||     5
       Scroll            |     3 |     1 ||     4
 Stab: Sleeping          |       |     1 ||     1
  Eat: Chunk             |     2 |     3 ||     5
Armor: Robe              |    22 |     3 ||    25
       Skin              |       |    11 ||    11
Dodge: Dodged            |   116 |    12 ||   128

Table legend:
 A = Spawn XP
 B = Non-spawn XP
 C = Spawn XP percentage of total XP
 D = Spawn monster count
 E = Non-spawn monster count
 F = Spawn count percentage of total count
 G = Total turns spent on level
                    A         B        C        D         E        F      G
               +---------+---------+-------+---------+---------+-------+---------
         Total |       0 |     390 |   0.0 |       0 |      57 |   0.0 |  2277
               +---------+---------+-------+---------+---------+-------+---------
           D:1 |       0 |      49 |   0.0 |       0 |      27 |   0.0 |  1456
           D:2 |       0 |      59 |   0.0 |       0 |      16 |   0.0 |   715
           D:3 |       0 |     282 |   0.0 |       0 |      14 |   0.0 |   106
               +---------+---------+-------+---------+---------+-------+---------
